 Dungeon Crawl Stone Soup version 0.28-a0-1128-gb845255321 (webtiles) character file.

Game seed: 13514342822618427042

910 Peloso the Covered (level 7, 0/62 HPs)
             Began as a Minotaur Fighter on Dec 12, 2021.
             Slain by an ogre (24 damage)
             ... on level 7 of the Dungeon.
             The game lasted 00:12:15 (5674 turns).

Peloso the Covered (Minotaur Fighter)               Turns: 5674, Time: 00:12:16

Health: 0/62       AC: 15    Str: 24    XL:     7   Next: 81%
Magic:  6/6        EV:  7    Int:  5    God:
Gold:   255        SH:  5    Dex: 12    Spells: 6/6 levels left

rFire   . . .      SeeInvis .   a - +0 long sword
rCold   + . .      Faith    .   c - +0 buckler
rNeg    . . .      Spirit   .   z - +1 plate armour "Suzeomua" {+Blink rC+ Str+4}
rPois   .          Reflect  .   (helmet restricted)
rElec   .          Harm     .   (no cloak)
rCorr   .          Rampage  .   g - +0 pair of gloves
Will    .....                   (no boots)
Stlth   ..........              (no amulet)
HPRegen 0.20/turn               (no ring)
MPRegen 0.10/turn               (no ring)

@: no status effects
A: horns 2, retaliatory headbutt
a: Evoke Blink


You were on level 7 of the Dungeon.
You visited 2 branches of the dungeon, and saw 8 of its levels.

You collected 255 gold pieces.

Inventory:

Hand Weapons
 a - a +0 long sword (weapon)
Armour
 b - a +0 scale mail
 c - a +0 buckler (worn)
 g - a +0 pair of gloves (worn)
 l - a +0 chain mail
 z - the +1 plate armour "Suzeomua" (worn) {+Blink rC+ Str+4}
   (You found it on level 4 of the Dungeon)

   Str:       It affects your strength (+4).
   rC:        It protects you from cold.
   +Blink:    It lets you blink.
Jewellery
 m - a ring of ice
 p - a ring of protection from cold
 w - a ring of positive energy
 C - a ring of magical power
Wands
 A - a wand of paralysis (5)
Scrolls
 h - a scroll of magic mapping {unknown}
 i - 2 scrolls of blinking
 k - 6 scrolls of identify
 q - 2 scrolls of enchant armour {unknown}
 r - a scroll of teleportation
 s - a scroll of silence {unknown}
 t - a scroll of amnesia {unknown}
 y - a scroll of summoning
 B - a scroll of noise {unknown}
Potions
 d - 5 potions of might
 e - a potion of cancellation {unknown}
 f - 2 potions of berserk rage {unknown}
 j - 6 potions of curing {unknown}
 n - 2 potions of attraction {unknown}
 o - 2 potions of mutation {unknown}
 u - a potion of brilliance {unknown}
 v - a potion of resistance {unknown}
 x - a potion of degeneration {unknown}


   Skills:
 + Level 5.9 Fighting
 + Level 6.0 Long Blades
 + Level 7.5 Armour
 + Level 1.4 Dodging
 + Level 0.3 Stealth
 + Level 5.1 Shields


You had 6 spell levels left.
You didn't know any spells.
Your spell library contained the following spells:

 Spells                   Type           Power      Damage    Failure   Level
 Magic Dart               Conj           0%         1d3       100%        1
 Call Imp                 Summ           0%         N/A       100%        2
 Mephitic Cloud           Conj/Pois/Air  0%         N/A       100%        3


Dungeon Overview and Level Annotations

Branches:
Dungeon (7/15)             Temple (1/1) D:4

Altars:
Ashenzari
Cheibriados
Dithmenos
Elyvilon
Fedhas
Hepliaklqana
Kikubaaqudgha
Nemelex Xobeh
Qazlal
Ru
Sif Muna
Uskayaw
Vehumet
Wu Jian
Xom
Yredelemnul
Zin

Shops:
D:5 (   D:7 (

Annotations:
D:6 Maggie


Innate Abilities, Weirdness & Mutations

You have a pair of horns on your head.
You reflexively headbutt those who attack you in melee.


Message History

Found an escape hatch in the floor.
There is a stone staircase leading down here.
A sky beast comes into view.
A sky beast is nearby!
The sky beast hits you but does no damage.
You slash the sky beast! Your headbutt misses the sky beast.
The sky beast is heavily wounded.
The sky beast flickers out of sight!
Deactivating autopickup; reactivate with Ctrl-A.
Something hits you but does no damage.
You miss something. You headbutt something! Something hits you.
Something shocks you.
You miss something. Your headbutt misses something.
Something hits you but does no damage.
You slash something!
Reactivating autopickup.
You feel a bit more experienced.
Your Long Blades skill increases to level 6!
There is a stone staircase leading down here.
An ogre comes into view. It is wielding a +0 giant club.
The ogre shouts!
An ogre is nearby!
An ogre is nearby!
The ogre hits you with a +0 giant club!
You barely miss the ogre. The ogre hits you with a +0 giant club!
You hit the ogre. Your headbutt misses the ogre.
The ogre is lightly wounded.
You block the ogre's attack.
You barely miss the ogre. Your headbutt misses the ogre.
The ogre is lightly wounded.
The ogre barely misses you.
You hit the ogre.
The ogre is moderately wounded.
The ogre hits you with a +0 giant club!
You hit the ogre. Your headbutt misses the ogre.
The ogre is heavily wounded.
You slash the ogre! Your headbutt misses the ogre.
The ogre is severely wounded.
The ogre hits you with a +0 giant club!!
You die...

.## ##.#.#######.# #.# #.#
..###........# #.# #.# #.#
...#....>.##.###.###.# #.###.#
###.##.#.............#####..##.#
####.##.##.###.#####.........#
#.##.##.###.# #.####.####
#.##.#.#.##.# #.#
#.##..###...#####.# #.#
#.####.#...@O.....# #.#####
#.#.######### #...... #....
####### ...... #.###....# #
####.# ..


You could see an ogre.

Vanquished Creatures
  A sky beast (D:7)
  An ogre (D:5)
  A scorpion (D:5)
  A wyvern skeleton (D:5)
  A water moccasin skeleton (D:5)
  3 vampire bats (D:3)
  2 hounds
  An orc priest (D:4)
  2 centaur skeletons
  4 iguanas
  Robin (D:2)
  5 adders
  3 gnolls (D:4)
  An adder skeleton (D:4)
  2 worms
  3 dart slugs
  13 orcs
  8 bats
  5 endoplasms
  2 giant cockroaches
  9 goblins
  8 hobgoblins
  6 jackals
  4 quokkas
  3 ball pythons
  3 frilled lizards
  7 kobolds
  7 rats
107 creatures vanquished.

Notes
Turn   | Place    | Note
-------+----------+-------------------------------------------
     0 | D:1      | Peloso the Minotaur Fighter began the quest for the Orb.
     0 | D:1      | Reached XP level 1. HP: 19/19 MP: 0/0
   188 | D:1      | Reached XP level 2. HP: 23/27 MP: 1/1
   549 | D:1      | Reached skill level 4 in Armour
   755 | D:1      | Found a faded altar of an unknown god.
   993 | D:1      | Reached XP level 3. HP: 33/33 MP: 2/2
  1051 | D:2      | Noticed Robin
  1065 | D:2      | Killed Robin
  1779 | D:3      | Reached XP level 4. HP: 32/41 MP: 3/3
  2050 | D:3      | Reached XP level 5. HP: 45/47 MP: 4/4
  2060 | D:3      | Reached skill level 5 in Armour
  2437 | D:4      | Reached skill level 1 in Dodging
  2452 | D:4      | Found a stormy altar of Qazlal.
  2455 | D:4      | Noticed a fire elemental
  2455 | D:4      | Noticed a water elemental
  2455 | D:4      | Noticed an air elemental
  2969 | D:4      | Found a broken altar of Ashenzari.
  3002 | D:4      | Reached XP level 6. HP: 55/55 MP: 5/5
  3058 | D:4      | Reached skill level 5 in Fighting
  3535 | D:4      | Found a staircase to the Ecumenical Temple.
  3560 | Temple   | Entered the Ecumenical Temple
  3805 | D:4      | Reached skill level 6 in Armour
  3939 | D:4      | Identified the +1 plate armour "Suzeomua" {+Blink rC+
                  | Str+4}
  4230 | D:5      | Entered Level 5 of the Dungeon
  4230 | D:5      | Found a snail-covered altar of Cheibriados.
  4324 | D:5      | Reached XP level 7. HP: 50/61 MP: 6/6
  4344 | D:5      | Reached skill level 5 in Long Blades
  4344 | D:5      | Reached skill level 5 in Shields
  4532 | D:5      | Found Xotele's Weapon Emporium.
  4603 | D:5      | Reached skill level 7 in Armour
  5235 | D:6      | Noticed Maggie
  5478 | D:7      | Found Yseut's Antique Weapon Emporium.
  5674 | D:7      | Slain by an ogre

Illustrated notes

Levels and vault maps discovered:
D:1:      wander_arrival_desolate, layout_basic, serial_co_window_serial,
          co_window_paths_a, co_window_corner_a, co_window_corner_a,
          co_window_paths_a, co_window_corner_a, co_window_paths_a,
          co_window_of_opportunity_a, co_window_unsneaky_path_e,
          co_window_unsneaky_path_e, co_window_unsneaky_path_d,
          co_window_broadway_a, glass_columns_a,
          hellmonk_ecumenical_altar_crossroads, minmay_misc_feat_five,
          minmay_misc_feat_rugged
D:2:      layout_rooms, minmay_box_of_dots, uniq_robin
D:3:      layout_rooms, roderic_batcave
D:4:      layout_basic, nicolae_ashenzari_panopticon,
          nicolae_qazlal_style_of_elements, minmay_temple_entry_sparse_star
D:5:      layout_cave_pods, slow_altar_1, serial_shops, nicolae_shop_crystal
D:6:      layout_basic, supply_closet_lemuel, uniq_maggie, uniq_pikel
D:7:      layout_loops_ring, serial_shops, nicolae_shop_overgrown_old_shop
Temple:   jpeg_temple_clearing

Skill      XL: |  1  2  3  4  5  6  7 |
---------------+----------------------+-----
Fighting       | 4 5 |  5.9
Armour         | 4 5 6 7 |  7.5
Shields        | 4 5 |  5.1
Long Blades    | 3 4 6 |  6.0
Dodging        | 1 |  1.4
Stealth        | |  0.3

Action                   |  1- 3 |  4- 6 |  7- 9 || total
-------------------------+-------+-------+-------++-------
Melee: Long sword        |    78 |   148 |    45 ||   271
       Headbutt          |     5 |    29 |     7 ||    41
  Use: Scroll            |     3 |     3 |       ||     6
Armor: Scale mail        |    25 |       |       ||    25
       Chain mail        |    28 |   130 |       ||   158
       Plate armour      |       |    30 |    19 ||    49
Dodge: Dodged            |    36 |    89 |    12 ||   137
Block: Buckler           |    14 |    58 |     6 ||    78

Table legend: (Time is in decaauts)
 A = Elapsed time spent in this place.
 B = Non-inter-level travel time spent in this place.
 C = Inter-level travel time spent in this place.
 D = Time resting spent in this place.
 E = Time spent auto-exploring this place.
 F = Levels seen in this place.
 G = Mean time per level.
                   A        B        C        D        E       F      G
               +--------+--------+--------+--------+--------+-----+--------+
         Total |   5729 |   5614 |    115 |      0 |   4551 |   8 |  716.1 |
       Dungeon |   5497 |   5382 |    115 |      0 |   4379 |   7 |  785.3 |
        Temple |    231 |    231 |      0 |      0 |    172 |   1 |  231.0 |
               +--------+--------+--------+--------+--------+-----+--------+

Top non-repeatable levels by time:
     D:4: 1387 daAuts
     D:1: 1046 daAuts
     D:3: 890 daAuts
     D:5: 804 daAuts
     D:2: 719 daAuts
     D:7: 418 daAuts
  Temple: 231 daAuts
     D:6: 231 daAuts
